AoeStats
← PFTBaller

Nomad

514123784Analyzed
2v2 RM · 2d ago on Oct 16, 2026· 50m 49s· 4 players
Game mode
Random Map
Map size
176×176
Population
200
Speed
Normal
Resources
Standard
Victory
Conquest
Starting age
Dark Age
Ending age
Imperial Age
RankedLock teamsTeams togetherTeam positionsShared explorationLock speedFull tech treeHidden civsTurbo modeCheats
Victory
Defeat
981
+15
🇺🇸 Inca · United States
917
+17
vs
🇩🇪 Maya · Germany
981
-17
🇩🇪 Franks · Germany
926
-15
Semih373
7:00 Loom
15:11 Feudal Age
20:10 Double-Bit Axe
23:52 Fletching
27:21 Castle Age
31:32 Fishing Lines
32:16 Gold Mining
38:43 Gillnets
TA388959
7:35 Loom
7:58 Loom
15:46 Feudal Age
16:37 Double-Bit Axe
16:35 Horse Collar
16:54 Town Watch
20:54 Scale Mail Armor
21:05 Forging
24:07 Wheelbarrow
28:42 Castle Age
26:43 Stone Mining
26:44 Gold Mining
27:17 Fletching
27:28 Padded Archer Armor
29:40 Town Patrol
29:50 Bodkin Arrow
31:05 Heavy Plow
31:17 Bow Saw
31:45 Iron Casting
35:50 Eagle Warrior
41:32 Imperial Age
39:28 Chain Mail Armor
40:06 Ballistics
39:45 Murder Holes
40:00 Fortified Wall
44:05 Chemistry
43:35 Leather Archer Armor
43:37 Bracer
44:41 Plate Mail Armor
49:52 Two-Man Saw
49:24 Crop Rotation
48:25 Elite Plumed Archer
PFTBaller
3:52 Loom
15:28 Feudal Age
16:03 Fishing Lines
16:41 Arson
18:00 Horse Collar
18:07 Double-Bit Axe
17:56 Champi Runner
22:25 Scale Mail Armor
22:36 Forging
25:04 Castle Age
25:38 Champi Warrior
26:20 Squires
26:50 Bow Saw
26:42 Heavy Plow
29:11 Chain Mail Armor
29:31 Iron Casting
34:39 Wheelbarrow
38:39 Treadmill Crane
39:22 Hand Cart
38:54 Town Watch
43:02 Imperial Age
41:25 Town Patrol
44:11 Conscription
43:23 Capped Ram
44:05 Elite Champi Warrior
44:26 Siege Ram
48:26 Plate Mail Armor
48:57 Blast Furnace
48:17 Fabric Shields
Breaking the Habit
7:00 Loom
13:10 Feudal Age
14:29 Double-Bit Axe
16:59 Forging
20:37 Gold Mining
22:32 Scale Barding Armor
26:30 Castle Age
29:14 Iron Casting
31:30 Gold Mining
35:21 Husbandry
35:45 Chain Barding Armor
42:48 Elite Skirmisher
45:07 Padded Archer Armor
45:57 Fletching
46:24 Leather Archer Armor
Connection lost

Rejoining the realm…

Still unreachable

The connection could not be restored.

Session expired

The server has moved on; the page needs a fresh start.